Map: Caída cerúlea EE

Players

DarthJulius - Winner!

  • Race: Protoss Protoss
  • League: Platinum
  • Spawn Location: 7:00

Marte

  • Race: Terran Terran
  • League: Diamond
  • Spawn Location: 1:00

VOD

Have the link to the VOD?

Description

Time

  • Played on: Aug. 25, 2018, 9:41 p.m.
  • Length: 25:02
Show
View Real Time Build Order
Export as new Build Order

DarthJulius Protoss - Winner!

Build Orders: 1 Gate Expand, Colossus Rush 

Get SALT Encoding   

  12  0:01  Probe  
  13  0:13  Probe  
  14  0:18  Pylon  
  14  0:25  Probe  
  15  0:39  Gateway  
  15  0:42  Probe  
  16  0:45  Assimilator  
  16  0:54  Probe  
  17  1:06  Probe  
  18  1:19  Probe  
  19  1:31  Probe  
  20  1:42  Probe  
  20  1:44  Nexus  
  21  1:47  Cybernetics Core  
  21  1:50  Probe  
  22  1:58  Probe  
  22  2:02  Pylon  
  23  2:09  Assimilator  
  23  2:13  Stalker  
  22  2:27  Probe  
  25  2:43  Warp Gate  
  25  2:44  Probe  
  25  2:45  Robotics Facility  
  26  2:54  Probe  
  26  2:57  Probe  
  28  3:03  Probe  
  28  3:05  Probe  
  28  3:08  Gateway  
  28  3:09  Gateway  
  30  3:14  Probe  
  30  3:15  Probe  
  32  3:21  Shield Battery  
  32  3:25  Probe  
  33  3:28  Stalker  
  33  3:33  Observer  
  36  3:35  Probe x2  
  38  3:41  Assimilator  
  38  3:43  Probe  
  38  3:44  Assimilator  
  38  3:47  Probe  
  40  3:51  Pylon  
  40  3:52  Probe  
  40  3:55  Observer  
  42  3:59  Probe  
  42  4:00  Probe  
  43  4:03  Pylon  
  43  4:05  Sentry  
  46  4:10  Probe  
  46  4:13  Probe  
  48  4:17  Observer  
  48  4:22  Probe  
  50  4:27  Probe  
  50  4:28  Robotics Bay  
  51  4:31  Probe  
  51  4:35  Pylon  
  52  4:39  Probe  
  52  4:40  Probe  
  52  4:44  Gateway  
  54  4:45  Gateway  
  54  4:48  Stalker x2  
  54  4:51  Probe  
  59  4:56  Probe  
  60  5:01  Observer  
  60  5:04  Stalker  
  63  5:10  Pylon  
  63  5:12  Colossus  
  63  5:13  Probe  
  64  5:15  Forge  
  64  5:17  Forge  
  70  5:28  Extended Thermal Lance  
  70  5:36  Observer  
  70  5:42  Nexus  
  70  5:44  Protoss Ground Armor Level 1  
  70  5:45  Pylon  
  70  5:53  Protoss Ground Weapons Level 1  
  69  5:58  Colossus  
  69  6:11  Adept, Stalker  
  77  6:12  Adept  
  81  6:22  Stalker x2  
  85  6:36  Pylon  
  85  6:38  Pylon  
  85  6:39  Pylon  
  85  6:40  Pylon  
  85  6:56  Pylon  
  85  6:57  Colossus, Twilight Council  
  85  6:58  Pylon  
  85  7:00  Zealot x2  
  94  7:17  Stalker x3  
  98  7:25  Stalker  
  98  7:26  Stalker  
  94  7:50  Stalker x3  
  100  7:51  Nexus  
  100  7:53  Charge  
  100  7:54  Pylon  
  100  7:56  Pylon  
  100  8:03  Templar Archives  
  100  8:08  Protoss Ground Weapons Level 2  
  100  8:09  Protoss Ground Armor Level 2  
  100  8:12  Probe x2  
  102  8:24  Probe x2  
  104  8:31  Assimilator  
  104  8:36  Probe x2  
  104  8:37  Assimilator  
  104  8:40  High Templar  
  108  8:47  Stalker x2  
  108  8:48  Probe x2, Stalker  
  112  9:05  Stalker  
  103  9:15  Stalker  
  103  9:16  Stalker x3  
  88  9:40  Probe  
  88  9:43  Probe x2  
  91  9:49  Psionic Storm  
  91  9:50  Probe, High Templar x2  
  95  9:55  Probe x2  
  95  9:59  Probe  
  99  10:07  Probe x2  
  99  10:08  Probe  
  99  10:12  Photon Cannon  
  102  10:15  Probe, Photon Cannon  
  102  10:19  Probe  
  102  10:20  Probe  
  105  10:23  Protoss Ground Weapons Level 3, Probe  
  106  10:30  Warp Prism, Stargate  
  106  10:32  Probe  
  106  10:34  Protoss Ground Armor Level 3  
  106  10:35  Probe x2  
  108  10:39  Pylon  
  111  10:47  Probe  
  111  10:48  Probe x2  
  111  11:11  High Templar x3  
  111  11:14  Zealot x2  
  121  11:26  Pylon  
  121  11:29  Probe  
  121  11:30  Probe  
  123  11:40  Fleet Beacon  
  123  11:45  Pylon  
  123  11:46  Zealot x5  
  133  11:47  Pylon  
  133  11:49  Pylon  
  133  12:01  Nexus  
  133  12:03  Assimilator  
  133  12:08  Assimilator  
  133  12:10  Gateway  
  133  12:11  Gateway  
  133  12:12  Photon Cannon  
  133  12:13  Probe x2  
  133  12:15  Photon Cannon  
  135  12:16  High Templar  
  135  12:17  High Templar x4  
  135  12:21  Archon x2  
  133  12:57  Pylon  
  133  13:00  Pylon  
  133  13:02  Gateway  
  133  13:03  Probe x2  
  133  13:04  Probe, Pylon  
  136  13:11  Pylon  
  136  13:13  Pylon  
  136  13:15  Probe  
  136  13:19  Pylon  
  137  13:21  Pylon, Tempest, Gateway  
  137  13:23  Gateway  
  137  13:24  Stalker x3  
  149  13:35  Protoss Air Weapons Level 1  
  149  13:42  Stargate  
  149  13:51  High Templar x3  
  149  13:52  High Templar x3  
  161  13:56  Archon x3  
  161  13:58  Zealot x2  
  165  14:13  Tempest  
  171  14:26  Stargate  
  171  14:44  Protoss Shields Level 1  
  171  14:45  High Templar x3  
  177  14:48  Zealot x7  
  191  15:00  Tempest  
  197  15:15  Nexus  
  197  15:19  Assimilator  
  197  15:23  Assimilator  
  197  15:27  Pylon  
  190  15:29  Pylon  
  190  15:32  Pylon  
  190  15:33  Pylon  
  186  15:40  Blink  
  170  15:43  Stalker x9  
  170  15:44  Stalker  
  177  16:10  Stalker x7  
  177  16:11  Stalker x3  
  163  16:43  Zealot x8  
  163  16:44  Zealot x2  
  155  17:04  Zealot x10  
  175  17:10  Probe x3  
  175  17:12  Probe  
  174  17:16  Probe  
  174  17:22  Probe x3  
  153  17:50  Archon x2  
  149  17:53  Tempest x2  
  161  18:05  Stalker x5  
  167  18:06  Stalker x5  
  181  18:17  Probe x2  
  181  18:18  Probe x2  
  179  18:36  Tempest  
  183  18:43  Dark Shrine  
  183  18:44  Carrier  
  189  18:52  Probe x2  
  187  18:57  Pylon  
  187  19:15  High Templar x2  
  187  19:16  High Templar x3  
  197  19:20  Archon x2  
  197  19:23  Gateway  
  196  19:38  Shield Battery  
  196  19:39  Shield Battery  
  196  19:41  Shield Battery  
  196  19:43  Shield Battery  
  147  20:10  Stalker x2  
  147  20:11  Stalker x6  
  147  20:12  Stalker x2  
  146  20:33  Probe x3  
  146  20:34  Probe  
  144  20:43  Zealot x2  
  144  20:44  Zealot x8  
  144  20:45  Zealot  
  166  20:51  Mothership  
  166  20:55  Pylon  
  166  21:11  Stargate  
  166  21:13  Stargate  
  166  21:14  Zealot x4  
  166  21:15  Zealot x7  
  166  21:16  Stargate  
  166  21:18  Stargate  
  157  21:44  High Templar x4  
  157  21:45  Stalker, High Templar  
  157  21:46  Stalker x2  
  135  22:09  Zealot x5  
  135  22:10  Zealot  
  147  22:19  Colossus  
  151  22:25  Robotics Facility  
  151  22:34  Assimilator  
  149  22:49  Assimilator  
  145  22:51  Nexus  
  145  22:54  Tempest x2  
  145  22:55  Assimilator  
  145  22:58  Stalker, Pylon  
  157  22:59  Stalker x3  
  157  23:00  Pylon  
  157  23:02  Colossus, Pylon  
  163  23:43  Zealot x8  
  163  23:44  Zealot  
  187  24:10  Warp Prism  
  189  24:20  Photon Cannon  
  189  24:21  Photon Cannon  
Show
View Real Time Build Order
Export as new Build Order

Marte Terran 

Build Orders: Cyclone Opening, Reaper Expand, MMM Bio 

Get SALT Encoding   

  12  0:02  SCV  
  13  0:19  Supply Depot  
  13  0:20  SCV  
  14  0:32  SCV  
  15  0:36  Refinery  
  15  0:44  SCV  
  15  0:46  Barracks  
  16  0:56  SCV  
  17  1:09  SCV  
  18  1:21  SCV  
  19  1:33  Reaper  
  19  1:35  Orbital Command  
  20  1:45  Command Center  
  20  1:59  Factory  
  20  2:03  SCV  
  21  2:12  Supply Depot  
  21  2:16  Barracks Reactor  
  21  2:19  Refinery, SCV  
  22  2:31  SCV  
  23  2:55  Marine  
  23  2:56  Marine  
  23  2:57  Cyclone  
  26  2:58  Orbital Command  
  27  3:00  SCV  
  28  3:09  Barracks  
  28  3:12  SCV  
  29  3:13  Marine x2  
  31  3:20  Starport  
  31  3:24  SCV x2  
  33  3:31  Factory Reactor  
  33  3:34  Marine x2  
  34  3:40  SCV  
  36  3:44  SCV  
  37  3:48  Supply Depot  
  37  3:52  SCV  
  38  3:56  SCV  
  38  3:58  Starport Tech Lab  
  38  4:00  Barracks Tech Lab  
  39  4:03  Marine x2  
  41  4:12  SCV x2  
  41  4:15  Refinery  
  43  4:17  Refinery, Supply Depot  
  43  4:20  Marine  
  43  4:21  Engineering Bay, Marine  
  45  4:24  SCV x2  
  45  4:25  Medivac  
  45  4:29  Stimpack  
  49  4:33  Widow Mine  
  49  4:36  SCV  
  52  4:43  Marauder  
  54  4:46  SCV  
  54  4:48  SCV  
  56  4:58  Factory Tech Lab  
  56  5:02  Marine x2  
  56  5:05  Marauder, SCV x2  
  62  5:08  Supply Depot  
  62  5:15  Supply Depot  
  62  5:16  Terran Infantry Weapons Level 1  
  62  5:29  Marine, Medivac  
  62  5:30  SCV  
  62  5:34  Command Center  
  66  5:40  Supply Depot  
  66  5:41  Marine x2  
  68  5:59  SCV x2  
  70  6:17  Supply Depot  
  70  6:21  Engineering Bay  
  70  6:24  Armory  
  70  6:27  Barracks  
  70  6:28  Medivac x2  
  70  6:29  Marauder, Combat Shield, Barracks  
  70  6:30  Marine x2  
  78  6:51  Marauder  
  78  6:53  Terran Infantry Armor Level 1  
  80  7:12  Marauder  
  81  7:22  Barracks Tech Lab  
  81  7:23  Barracks Tech Lab  
  81  7:34  Marauder  
  80  7:38  Marine  
  80  7:39  Marine  
  80  7:40  Medivac x2  
  80  7:41  Siege Tank  
  89  7:46  Orbital Command  
  89  7:48  SCV x2  
  91  7:55  Marauder, Terran Infantry Weapons Level 2  
  91  7:56  Marine x2  
  91  7:58  Marauder  
  97  8:00  SCV x2  
  99  8:12  SCV x2  
  91  8:13  Siege Tank  
  91  8:16  Marauder  
  96  8:20  SCV  
  96  8:24  Marauder x2, Supply Depot, SCV x2  
  96  8:25  Supply Depot  
  103  8:29  Medivac  
  103  8:30  Medivac  
  103  8:32  SCV  
  108  8:36  SCV  
  109  8:42  Supply Depot  
  109  8:44  Supply Depot  
  109  8:45  Marauder x3, Supply Depot, SCV x2  
  109  8:47  Barracks  
  117  9:07  Marauder x3  
  115  9:28  Marauder  
  115  9:29  Marine x4  
  115  9:30  Medivac  
  115  9:31  Medivac  
  121  9:43  Liberator x2  
  121  9:44  Refinery  
  121  9:45  Refinery, SCV x3  
  113  9:47  Marauder x2  
  113  9:50  Marauder  
  113  9:51  Terran Ship Weapons Level 1  
  119  9:55  Terran Infantry Armor Level 2  
  119  9:57  SCV  
  119  9:59  Command Center  
  126  10:08  Barracks Tech Lab  
  126  10:09  Marauder  
  126  10:11  Ghost Academy  
  128  10:14  Terran Infantry Weapons Level 3  
  128  10:16  SCV  
  128  10:17  SCV x2  
  131  10:29  SCV x3  
  134  10:36  Supply Depot  
  134  10:38  Supply Depot  
  134  10:41  SCV  
  135  10:58  Concussive Shells  
  134  11:18  Planetary Fortress  
  134  11:21  Marauder x4  
  134  11:23  Marine x2  
  134  11:25  Refinery  
  144  11:29  Refinery  
  144  11:40  Marine  
  144  11:41  Marine  
  144  11:42  Marauder, Ghost  
  144  11:43  Marauder x2  
  154  11:47  Supply Depot x2, Liberator x2  
  154  11:49  Terran Ship Weapons Level 2  
  154  12:03  Ghost x3  
  166  12:09  Marine x2  
  166  12:10  Ghost  
  140  12:31  Ghost  
  140  12:33  Marauder x2  
  140  12:36  Command Center  
  146  12:37  Refinery x2  
  146  12:40  Marauder  
  128  12:55  Medivac x2  
  128  12:57  Marauder x2  
  136  13:00  Marine x2  
  136  13:01  Marauder x2  
  142  13:07  Liberator x2  
  142  13:09  SCV  
  142  13:10  SCV  
  144  13:14  Personal Cloaking  
  144  13:17  Marine  
  144  13:18  Marine  
  144  13:19  Marauder x2, Terran Infantry Armor Level 3  
  150  13:21  Ghost  
  150  13:22  Barracks, Ghost  
  160  13:34  Barracks  
  160  13:35  Marine x2  
  160  13:39  Ghost  
  160  13:40  Marine  
  165  13:44  Starport  
  165  13:45  Fusion Core  
  165  13:50  Marine  
  165  13:51  Marine  
  167  13:58  Marauder  
  169  14:08  Marauder  
  169  14:09  Marauder x2  
  175  14:19  Marauder  
  175  14:20  Starport Tech Lab  
  177  14:27  Terran Ship Weapons Level 3  
  177  14:30  Marauder x2, Planetary Fortress  
  181  14:34  Marine x2  
  181  14:35  Marauder  
  185  14:41  Marauder  
  185  14:42  Advanced Ballistics  
  187  14:51  Marauder x2  
  191  14:56  Marauder  
  193  15:02  Marauder  
  195  15:13  Marauder  
  149  16:14  Marauder x2  
  149  16:15  Marauder, Command Center  
  155  16:25  Marauder  
  137  16:36  Marauder x3  
  136  16:42  Marine x2  
  136  16:46  Marauder  
  130  16:49  Liberator  
  128  16:56  Ghost x2  
  128  16:57  Marauder  
  128  17:00  Marine x2  
  94  17:03  Medivac x2  
  94  17:07  Ghost  
  99  17:15  Liberator  
  99  17:16  Liberator  
  99  17:17  Ghost  
  99  17:18  Marine  
  101  17:25  Ghost x2  
  97  17:31  Liberator  
  97  17:35  Ghost  
  86  17:38  Marine x2  
  83  17:47  Marauder  
  78  17:54  Marauder x2  
  78  17:55  Marine  
  78  17:56  Marine  
  74  18:04  Ghost  
  72  18:07  Siege Tank, Ghost  
  77  18:13  Marine x2  
  77  18:15  Medivac x2, Ghost  
  77  18:16  Marauder  
  87  18:31  Marine x2  
  87  18:32  Marine  
  87  18:37  Marauder x2  
  87  18:39  Siege Tank  
  79  18:43  Medivac  
  79  18:44  Marauder  
  79  18:45  Medivac  
  84  18:51  Marauder  
  83  18:58  Marauder  
  83  18:59  Marauder  
  85  19:06  Marauder  
  85  19:11  Siege Tank  
  85  19:12  Marauder  
  90  19:17  Marine  
  90  19:20  Marauder x2  
  90  19:21  Barracks  
  90  19:22  Barracks  
  90  19:23  Barracks  
  95  19:26  Refinery  
  95  19:27  Marauder, Command Center  
  97  19:34  Marauder  
  99  19:41  Marauder x2  
  103  19:48  Marauder  
  105  19:55  Marauder  
  82  20:02  Marauder  
  82  20:03  Marauder  
  82  20:05  Marine  
  82  20:06  Marine  
  65  20:10  Marauder  
  53  20:16  Marauder  
  41  20:23  Marine x2  
  41  20:24  Marauder x2  
  45  20:31  Marauder, Medivac x2  
  47  20:38  Marauder, Orbital Command  
  47  20:41  Marine x2  
  47  20:45  Marauder x2, Marine x2  
  45  20:52  Marauder  
  45  20:53  Viking  
  44  20:59  Marauder  
  44  21:01  Viking x2  
  44  21:03  Marine x2  
  52  21:06  Marauder  
  52  21:07  Marauder  
  55  21:14  Marauder  
  56  21:20  Marine  
  56  21:21  Marine  
  56  21:23  Viking  
  57  21:27  Marine  
  57  21:28  Marine  
  57  21:31  Viking x2  
  63  21:35  Marine  
  63  21:38  Marine x2  
  66  21:45  Marine x2  
  68  21:52  Marine  
  69  21:56  Marine x2  
  71  22:03  Marine x2  
  73  22:10  Marine  
  73  22:14  Marine  
  76  22:21  Marine x2  
  78  22:28  Marine  
  78  22:32  Marine  
  74  23:03  Orbital Command  
  74  23:19  Marine x4, Medivac x2  
  53  23:37  Marine x3  
  56  24:10  SCV  
  57  24:20  Marine x2  
  57  24:22  SCV  
Tags
 
Add a new tag
Caveats
  • Supply blocks, unpowered buildings, or Contaminate may cause inaccurate times.
  • Supply counts are checked every 10 seconds.